 Dungeon Crawl Stone Soup version 0.29-a0-284-gf9362112df (webtiles) character file.

Game seed: 584266248799474354

5 davidthevgamer991 the Skirmisher (level 1, -1/18 HPs)
             Began as a Demonspawn Fighter on Mar 29, 2022.
             Slain by an endoplasm (2 damage)
             ... on level 1 of the Dungeon.
             The game lasted 00:02:30 (240 turns).

davidthevgamer991 the Skirmisher (DsFi)              Turns: 240, Time: 00:02:31

Health: -1/18      AC:  6    Str: 16    XL:     1   Next: 66%
Magic:  1/1        EV:  5    Int:  9    God:
Gold:   0          SH:  4    Dex: 12    Spells: 0/0 levels left

rFire   . . .      SeeInvis +   a - +0 long sword
rCold   . . .      Faith    .   c - +0 buckler
rNeg    . . .      Spirit   .   b - +0 scale mail
rPois   .          Reflect  .   (no helmet)
rElec   .          Harm     .   (no cloak)
rCorr   .          Rampage  .   (no gloves)
Will    .....                   (no boots)
Stlth   ..........              (no amulet)
HPRegen 0.06/turn               i - ring of see invisible
MPRegen 0.07/turn               (no ring)

@: mighty, constricted, very slow
A: no striking features
a: no special abilities


You were on level 1 of the Dungeon.
You visited 1 branch of the dungeon, and saw 1 of its levels.

Inventory:

Hand Weapons
 a - a +0 long sword (weapon)
Armour
 b - a +0 scale mail (worn)
 c - a +0 buckler (worn)
Jewellery
 h - a ring of protection from fire
 i - a ring of see invisible (left hand)
Potions
 e - a potion of attraction
 g - a potion of mutation


   Skills:
 + Level 3.1 Fighting
 + Level 1.8 Long Blades
 + Level 2.8 Armour
 + Level 2.8 Shields


You couldn't memorise any spells.
You didn't know any spells.
Your spell library contained the following spells:

 Spells                   Type           Power      Damage    Failure   Level
 Animate Skeleton         Necr           0%         N/A       88%         1
 Apportation              Tloc           0%         N/A       88%         1
 Summon Small Mammal      Summ           0%         N/A       88%         1


Dungeon Overview and Level Annotations

Branches:
Dungeon (1/15)

Altars:


Message History

You hear a bark!
You hear a shout!
The jackal bites you. The ball python barely misses you.
The ball python constricts you. The ball python bites you.
The hobgoblin hits you.
The jackal bites you but does no damage.
The ball python bites you. The ball python constricts you.
Your unstable footing causes you to fumble your attack.
The jackal bites you.
The ball python bites you but does no damage.
The hobgoblin barely misses you.
An endoplasm comes into view.
The ball python bites you. The ball python constricts you.
The ball python bites you but does no damage.
The jackal bites you.
* * * LOW HITPOINT WARNING * * *
You feel very mighty all of a sudden. The hobgoblin barely misses you.
The ball python bites you but does no damage.
The ball python constricts you. The jackal barely misses you.
The ball python bites you.
* * * LOW HITPOINT WARNING * * *
You block the jackal's attack.
You closely miss the hobgoblin. The jackal barely misses you.
You block the ball python's attack. The ball python constricts you.
The jackal bites you but does no damage.
The hobgoblin hits you.
* * * LOW HITPOINT WARNING * * *
A hobgoblin comes into view.
The ball python bites you but does no damage.
The ball python closely misses you. The ball python constricts you.
The jackal closely misses you.
The endoplasm splashes around in the water.
The hobgoblin hits you but does no damage.
The jackal bites you but does no damage.
The ball python barely misses you.
Your unstable footing causes you to fumble your attack.
The jackal bites you but does no damage. x2
The ball python bites you but does no damage.
The ball python constricts you. The endoplasm hits you.
You die...

.......#.#.#
......#####...#.##.#.#
#.?...#..........#.#.#
#.....#.......#..#.... .
#.....#..........#.##.
..#.....#....##....#....
........#....#.....#....
....J.Sg....####...#.###
##hh@≈..........#.###
+..ShJ...........>...
#..$$≈.######..##.###
.........# #..##.#
....###.### #).##.# ##.g
... #.....# ... .###
#.....# .# #. #.....#
#.....#


You could see 2 endoplasms, 3 jackals, 2 hobgoblins and 2 ball pythons.

Vanquished Creatures
  2 endoplasms (D:1)
  A hobgoblin (D:1)
  A ball python (D:1)
  A bat (D:1)
5 creatures vanquished.

Notes
Turn   | Place    | Note
-------+----------+-------------------------------------------
     0 | D:1      | davidthevgamer991 the Demonspawn Fighter began the quest
                  | for the Orb.
     0 | D:1      | Reached XP level 1. HP: 18/18 MP: 1/1
   214 | D:1      | Found a faded altar of an unknown god.
   240 | D:1      | Slain by an endoplasm

Illustrated notes

Levels and vault maps discovered:
D:1:      saegor_arrival_fortress, layout_basic,
          hellmonk_ecumenical_altar_pennies_from_heaven

Action                   || total
-------------------------++-------
Melee: Long sword        ||    10
  Use: Scroll            ||     2
       Potion            ||     1
Armor: Scale mail        ||    20
Dodge: Dodged            ||    20
Block: Buckler           ||     5

Table legend: (Time is in decaauts)
 A = Elapsed time spent in this place.
 B = Non-inter-level travel time spent in this place.
 C = Inter-level travel time spent in this place.
 D = Time resting spent in this place.
 E = Time spent auto-exploring this place.
 F = Levels seen in this place.
 G = Mean time per level.
                   A        B        C        D        E       F      G
               +--------+--------+--------+--------+--------+-----+--------+
         Total |    243 |    243 |      0 |      0 |      0 |   1 |  243.0 |
       Dungeon |    243 |    243 |      0 |      0 |      0 |   1 |  243.0 |
               +--------+--------+--------+--------+--------+-----+--------+

Top non-repeatable levels by time:
     D:1: 243 daAuts
